 Dungeon Crawl Stone Soup version 0.26.1-2-gb8aa6d0cf2 (webtiles) character file.

Game seed: 7280146507589152177

6269 promet the Carver (level 10, -6/63 HPs)
             Began as a Tengu Fighter on Feb 18, 2021.
             Was a Believer of Wu Jian.
             Mangled by a deep troll (9 damage)
             ... on level 9 of the Dungeon.
             The game lasted 00:58:59 (12218 turns).

promet the Carver (Tengu Fighter)                  Turns: 12218, Time: 00:59:01

Health: -6/63      AC: 14    Str: 17    XL:     10   Next: 94%
Magic:  11/11      EV:  9    Int:  8    God:    Wu Jian [**....]
Gold:   493        SH:  0    Dex: 17    Spells: 9/9 levels left

rFire    . . .     SeeInvis .   a - +3 great sword
rCold    . . .     Faith    .   (shield currently unavailable)
rNeg     . . .     Spirit   .   A - +1 chain mail
rPois    .         Reflect  .   (helmet restricted)
rElec    .         Harm     .   (no cloak)
rCorr    .         Rampage  .   o - +1 pair of gloves
Will     .....                  (boots unavailable)
Stlth    ..........             N - amulet of the acrobat
HPRegen  0.20/turn              t - ring of fire
MPRegen  0.12/turn              y - ring of ice

@: mighty, very slightly contaminated, invisible
A: beak, talons 3, able to fly
a: Fly, Renounce Religion, Wall Jump


You were on level 9 of the Dungeon.
You worshipped Wu Jian.
Wu Jian was pleased with you.
You visited 1 branch of the dungeon, and saw 9 of its levels.

You collected 613 gold pieces.
You spent 120 gold pieces at shops.

Inventory:

Hand Weapons
 a - a +3 great sword (weapon)
 b - a +2 vorpal hand crossbow
 r - a cursed -2 hand axe
 w - a +0 hunting sling
 x - a +0 hand crossbow
 D - a +1 long sword of electrocution
 F - a +4 battleaxe of freezing
 G - a +3 flail
 J - a +0 long sword
 M - a +1 war axe of venom
Missiles
 e - 66 bolts
 f - 330 stones
 i - 9 boomerangs (quivered)
 j - 13 poisoned darts
 l - 42 sling bullets
 m - 118 arrows
 H - a throwing net
Armour
 c - a +0 kite shield
 o - a +1 pair of gloves (worn)
 A - a +1 chain mail (worn)
Jewellery
 p - an uncursed ring of flight
 t - a ring of fire (left hand)
 y - a ring of ice (right hand)
 N - an amulet of the acrobat (around neck)
Wands
 q - a wand of paralysis (17)
 B - a wand of iceblast (6)
 L - a wand of polymorph (6)
Scrolls
 g - 3 scrolls of remove curse
 k - a scroll of magic mapping
 u - 3 scrolls of fear
 z - a scroll of teleportation
 E - 3 scrolls of identify
 I - a scroll of amnesia
Potions
 h - 3 potions of brilliance
 n - 2 potions of attraction
 s - 2 potions of curing
 v - a potion of lignification
 C - a potion of ambrosia


   Skills:
 + Level 7.1 Fighting
 + Level 10.9 Long Blades
 + Level 1.3(2.1) Slings
 + Level 4.9 Crossbows
 + Level 2.5(2.7) Throwing
 + Level 8.7 Armour
 + Level 3.1 Dodging
 + Level 2.2 Stealth
 + Level 5.5 Shields
 + Level 0.1 Evocations


You had 9 spell levels left.
You didn't know any spells.
Your spell library was empty.

Dungeon Overview and Level Annotations

Branches:
Dungeon (9/15)             Temple (0/1) D:7
   Lair: D:8-11         Orc: D:9-12

Altars:
Elyvilon
Fedhas
Gozag
Hepliaklqana
Kikubaaqudgha
Makhleb
Sif Muna
Trog
Vehumet
Wu Jian
The Shining One

Shops:
D:9 *

Annotations:
D:6 3 runed translucent doors, Gadfly's ghost, novice DsMo


Innate Abilities, Weirdness & Mutations

You have a beak for a mouth.
You have claws for feet.
You can fly continuously.


Message History

The deep troll claws you but does no damage.
You fade into invisibility!
The deep troll bites you!! The deep troll claws you!
* * * LOW HITPOINT WARNING * * *
The deep troll claws you.
* * * LOW HITPOINT WARNING * * *
You are very lightly contaminated with residual magic.
You hit the deep troll. Your peck misses the deep troll.
The deep troll is lightly wounded.
The deep troll bites you!
* * * LOW HITPOINT WARNING * * *
The deep troll barely misses you. The deep troll closely misses you.
You feel very mighty all of a sudden. The deep troll barely misses you.
You riposte.
You slash the deep troll! You claw the deep troll!
The deep troll is heavily wounded.
The deep troll claws you.
* * * LOW HITPOINT WARNING * * *
The deep troll claws you!
You die...

≈
≈≈≈≈≈≈≈≈≈≈≈##
≈ ≈≈≈≈≈≈≈..###
. . # . .# .
####.# #
##.... ##...##
#..T@.#
##...## ##.##
# .#.# #.# #
.#.# #[#####
###.#.#
##'#...###.
##..#.#
##.)....P.≈.
##.##.#
##...).≈.≈≈≈.
##.##.##
##T....P≈♣P≈≈P


You could see a deep troll.

Vanquished Creatures
  An iron troll (D:9)
  2 trolls
  A hornet (D:9)
  3 yaks
  A water moccasin (D:4)
  3 orc warriors
  4 ice beasts
  A sky beast (D:7)
  A black bear (D:8)
  2 phantoms
  5 ogres
  A centaur (D:7)
  A big kobold (D:3)
  6 bullfrogs
  A wyvern zombie (D:8)
  3 scorpions
  14 killer bees
  5 wights (D:6)
  4 electric eels (D:9)
  2 howler monkeys
  2 bullfrog zombies
  2 centaur zombies
  2 hounds
  A centaur skeleton (D:7)
  5 orc priests
  3 iguanas
  8 orc wizards
  3 bullfrog skeletons
  9 worker ants
  2 killer bee zombies
  2 hound zombies
  3 hound skeletons
  3 gnolls (D:6)
  10 adders
  A shadow imp (D:6)
  A white imp (D:8)
  5 worms
  2 adder skeletons
  An adder zombie (D:8)
  2 dart slugs
  11 leopard geckos
  20 orcs
  A ball python (D:2)
  7 giant cockroaches
  9 goblins
  7 hobgoblins
  5 jackals
  4 quokkas
  A ball python zombie (D:6)
  6 bats
  5 frilled lizards
  19 kobolds
  A quokka skeleton (D:9)
  A quokka zombie (D:5)
  4 rats
229 creatures vanquished.

Vanquished Creatures (others)
  8 plants (D:9)
8 creatures vanquished.

Grand Total: 237 creatures vanquished

Notes
Turn   | Place    | Note
-------+----------+-------------------------------------------
     0 | D:1      | promet the Tengu Fighter began the quest for the Orb.
     0 | D:1      | Reached XP level 1. HP: 14/14 MP: 2/2
   137 | D:1      | Reached XP level 2. HP: 19/19 MP: 3/3
   416 | D:1      | Reached XP level 3. HP: 20/23 MP: 4/4
   827 | D:2      | Reached XP level 4. HP: 28/28 MP: 5/5
   827 | D:2      | Noticed an ogre
   859 | D:2      | Killed an ogre
   860 | D:2      | Reached skill level 3 in Long Blades
   860 | D:2      | Reached skill level 1 in Slings
   860 | D:2      | Gained mutation: You can fly continuously. [Tengu growth]
   860 | D:2      | Reached XP level 5. HP: 31/32 MP: 6/6
  2017 | D:3      | Noticed a big kobold
  2057 | D:3      | Reached skill level 1 in Throwing
  2070 | D:3      | Killed a big kobold
  2071 | D:3      | Reached skill level 4 in Long Blades
  2071 | D:3      | Reached XP level 6. HP: 14/37 MP: 7/7
  3270 | D:3      | Found a glowing golden altar of the Shining One.
  3485 | D:4      | Reached skill level 1 in Stealth
  3499 | D:4      | Found a burning altar of Makhleb.
  3511 | D:4      | Found an ancient bone altar of Kikubaaqudgha.
  3528 | D:4      | Reached skill level 1 in Crossbows
  3576 | D:4      | Reached XP level 7. HP: 41/41 MP: 8/8
  3846 | D:4      | Reached skill level 1 in Dodging
  3852 | D:4      | Reached skill level 5 in Long Blades
  4915 | D:5      | Entered Level 5 of the Dungeon
  4993 | D:5      | Reached XP level 8. HP: 28/48 MP: 9/9
  5551 | D:5      | Reached skill level 5 in Shields
  5752 | D:6      | Reached skill level 5 in Armour
  5785 | D:6      | Reached skill level 6 in Long Blades
  6041 | D:6      | Found a shimmering blue altar of Sif Muna.
  6700 | D:6      | Found a radiant altar of Vehumet.
  6700 | D:6      | Found an ornate altar of the Wu Jian Council.
  6702 | D:6      | Found a bloodstained altar of Trog.
  6703 | D:6      | Found a blossoming altar of Fedhas.
  6721 | D:6      | Became a worshipper of the Wu Jian Council
  6740 | D:6      | Reached skill level 7 in Long Blades
  7151 | D:6      | Found a runed translucent gate.
  7151 | D:6      | Found a runed translucent gate.
  7151 | D:6      | Noticed Gadfly's ghost (novice DsMo)
  7152 | D:6      | Found a runed translucent gate.
  7152 | D:6      | Noticed a kobold demonologist
  7152 | D:6      | Identified the +5 whip "Arawk" {drain, Will+ Str+2 Int-4}
  7490 | D:7      | Found a hazy altar of Hepliaklqana.
  7502 | D:7      | Reached XP level 9. HP: 50/52 MP: 10/10
  7695 | D:7      | Found a white marble altar of Elyvilon.
  7727 | D:7      | Reached skill level 5 in Fighting
  8172 | D:7      | Found a staircase to the Ecumenical Temple.
  8185 | D:7      | Reached skill level 8 in Long Blades
  8187 | D:7      | Reached * piety under Wu Jian
  9152 | D:8      | Found an opulent altar of Gozag.
  9173 | D:8      | Reached skill level 9 in Long Blades
  9196 | D:8      | Reached XP level 10. HP: 60/60 MP: 11/11
 10100 | D:9      | Found Ollir's Assorted Antiques.
 10192 | D:9      | Bought a small citrine amulet for 120 gold pieces
 10304 | D:9      | Reached skill level 10 in Long Blades
 10485 | D:9      | Reached ** piety under Wu Jian
 10783 | D:9      | Noticed an iron troll
 10829 | D:9      | HP: 2/61 [iron troll (9)]
 10832 | D:9      | Killed an iron troll
 11607 | D:9      | Noticed a deep troll
 12218 | D:9      | HP: 3/63 [deep troll (3)]
 12218 | D:9      | Mangled by a deep troll

Illustrated notes

Levels and vault maps discovered:
D:1:      minmay_arrival_open_corners, layout_basic
D:2:      layout_basic, minmay_misc_feat_four_crosses
D:3:      cheibrodos_thug_alley, layout_loops_corners,
          lemuel_coloured_pillars_altar, cheibrodos_sewer_entry_bend
D:4:      minmay_razor_zed, layout_gridville, grunt_temple_overflow_open
D:5:      layout_loops_cross, corexii_checkpoint_b
D:6:      layout_basic, chequers_temple_overflow_statue_of_worship,
          nicolae_overflow_hidden_temple, serial_glass, glass_columns_a,
          glass_columns_b, minmay_strange_pillars, minmay_strange_pillars,
          gammafunk_ghost_nasty_kobolds
D:7:      layout_loops_cross, lemuel_crystal_altar, elyvilon_altar_5,
          minmay_temple_entry_wispy
D:8:      layout_rooms, nicolae_gozag_seed_capital, abandoned_shop
D:9:      lemuel_troll_bridge, layout_loops_corners, serial_shops, shop,
          basic_altar, serial_bayou_pond_c

Skill      XL: |  1  2  3  4  5  6  7  8  9 10 |
---------------+-------------------------------+-----
Long Blades    | 3 4 5 7 9 10 | 10.9
Slings         | 1 |  1.3
Armour         | 4 5 7 8 |  8.7
Shields        | 4 5 |  5.5
Throwing       | 1 2 |  2.5
Stealth        | 1 2 |  2.2
Crossbows      | 1 2 3 4 |  4.9
Dodging        | 1 2 3 |  3.1
Fighting       | 4 6 7 |  7.1
Evocations     | |  0.1

Action                   |  1- 3 |  4- 6 |  7- 9 | 10-12 || total
-------------------------+-------+-------+-------+-------++-------
Melee: Long sword        |    68 |   129 |   222 |       ||   419
       Kick              |    14 |    34 |   104 |    38 ||   190
       Peck              |     9 |    22 |    70 |    34 ||   135
       Great sword       |       |       |    85 |   120 ||   205
 Fire: Hunting sling     |     3 |       |       |       ||     3
       Hand crossbow     |       |    16 |    32 |    35 ||    83
Throw: Boomerang         |       |     1 |    15 |    10 ||    26
Invok: Lunge             |       |       |     8 |     2 ||    10
       Whirlwind         |       |       |     3 |       ||     3
Evoke: Wand              |       |       |       |     1 ||     1
  Use: Scroll            |     4 |     2 |    17 |     1 ||    24
       Potion            |     3 |     1 |     6 |     9 ||    19
Armor: Scale mail        |    55 |    43 |    27 |       ||   125
       Chain mail        |       |       |   147 |    88 ||   235
       Skin              |       |       |       |     9 ||     9
Dodge: Dodged            |    21 |    26 |   128 |   102 ||   277
Block: Kite shield       |    51 |    53 |    59 |       ||   163
       Rpst.: Long sword |     7 |    10 |    31 |       ||    48
       Great sword       |       |       |     9 |    34 ||    43
